 Dungeon Crawl Stone Soup version 0.24-a0-789-g35933f4585 (webtiles) character file.

Game seed: 16686165509811254876, levelgen mode: deterministic

889 HumanIsDead the Skirmisher (level 8, -1/65 HPs)
             Began as a Human Berserker on Oct 10, 2019.
             Was an Elder of Trog.
             Slain by an orc wizard
             ... wielding a +0 dagger
              (4 damage)
             ... on level 5 of the Dungeon.
             The game lasted 00:23:46 (6729 turns).

HumanIsDead the Skirmisher (Human Berserker)        Turns: 6729, Time: 00:23:46

Health: -1/65      AC:  6    Str: 17 (20) XL:     8   Next: 27%
Magic:  8/8        EV: 10    Int:  9 (12) God:    Trog [****..]
Gold:   364        SH: 10    Dex: 12 (13) Spells: 7/7 levels left

rFire    . . .     SeeInvis .   a - +0 short sword
rCold    . . .     Gourm    .   i - +0 shield
rNeg     . . .     Faith    .   m - +0 ring mail
rPois    .         Spirit   .   n - +0 helmet
rElec    .         Reflect  .   b - scarf {cloud immunity}
rCorr    .         Harm     .   (no gloves)
MR       .....                  (no boots)
Stlth    +.........             (no amulet)
HPRegen  0.20/turn              (no ring)
MPRegen  0.11/turn              (no ring)

@: brilliant
A: no striking features
a: Berserk, Trog's Hand, Brothers in Arms, Renounce Religion


You were on level 5 of the Dungeon.
You worshipped Trog.
Trog was greatly pleased with you.
You were not hungry.

You visited 1 branch of the dungeon, and saw 6 of its levels.

You collected 364 gold pieces.

Inventory:

Hand Weapons
 a - a +0 short sword (weapon)
 j - a +1 dagger of protection
 s - a +2 flail of crushing
 t - a +3 war axe
Missiles
 e - 46 poisoned darts (quivered)
 h - 115 stones
Armour
 b - a scarf of cloud immunity (worn)
 i - a +0 shield (worn)
 m - a +0 ring mail (worn)
 n - a +0 helmet (worn)
Jewellery
 w - an uncursed ring of positive energy
Wands
 v - a wand of disintegration (12)
Scrolls
 d - 9 scrolls of remove curse
 g - 5 scrolls of teleportation
 k - 2 scrolls of enchant weapon {unknown}
 l - 5 scrolls of identify {unknown}
 q - a scroll of random uselessness {unknown}
Potions
 f - a potion of magic {unknown}
 o - a potion of degeneration
 p - a potion of curing {unknown}
 r - a potion of brilliance
 u - a potion of flight {unknown}
 x - a potion of heal wounds {unknown}
Comestibles
 c - 8 rations


   Skills:
 + Level 6.8 Fighting
 - Level 3.0 Short Blades
 * Level 1.0 Maces & Flails
 - Level 2.0 Armour
 - Level 3.0 Dodging
 + Level 5.6 Shields


You had 7 spell levels left.
You didn't know any spells.
Your spell library was empty.

Dungeon Overview and Level Annotations

Branches:
Dungeon (6/15)
 Temple: D:4-7

Altars:
Ashenzari
Cheibriados
Dithmenos
Fedhas
Nemelex Xobeh
Qazlal
Ru
Zin


Message History

The magic dart hits you!
* * * LOW HITPOINT WARNING * * *
You see here a spear.
Okay, then.
You're too confused!
It was a potion of degeneration.
There was something very wrong with that liquid.
You feel weakened.
You feel dopey.
You feel clumsy.
An orc wizard appears from thin air!
Reactivating autopickup.
The orc wizard mumbles some strange words.
The orc wizard flickers and vanishes!
Deactivating autopickup; reactivate with Ctrl-A.
It was a potion of brilliance.
You feel clever all of a sudden.
You feel less confused. Something hits you but does no damage.
Okay, then.
You eat one of the 9 rations.
That ration really hit the spot!
Something hits you.
You die...

...###### ##.##.#
##......#### #..##.#
######....### #.###.#
####...# ###.# #.#
###.### #### #...# #.#
#...# #..###.### #.#
###.## #..#...# #.# ####
#>.####..#.### #.# ...#
##########{@##.....# #.#
...###..>..........^..###
#..
...##............##.#.#
##.
...#................#.#
###.
####......<........##.#
#... #.......>..........#
#...
#..............##..##
#...
#..............#....#
#...
##.........<.)##.##.###
#...


There were no monsters in sight!

Vanquished Creatures
  A sky beast (D:5)
  A phantom (D:5)
  2 ogres (D:4)
  A howler monkey (D:4)
  2 orc priests
  A centaur skeleton (D:4)
  5 orc wizards
  2 worker ants (D:4)
  A hound skeleton (D:4)
  Robin (D:2)
  5 adders
  2 shadow imps (D:5)
  An ooze (D:3)
  An adder zombie (D:5)
  3 worms
  5 dart slugs
  5 leopard geckos (D:4)
  20 orcs
  4 giant cockroaches
  13 goblins
  13 hobgoblins
  2 quokkas
  A ball python (D:2)
  5 bats
  2 frilled lizards (D:1)
  11 kobolds
  10 rats
120 creatures vanquished.

Notes
Turn   | Place    | Note
-------+----------+-------------------------------------------
     0 | D:1      | HumanIsDead the Human Berserker began the quest for the
                  | Orb.
     0 | D:1      | Reached XP level 1. HP: 18/18 MP: 1/1
   351 | D:1      | Reached XP level 2. HP: 21/24 MP: 2/2
   984 | D:1      | Reached XP level 3. HP: 22/29 MP: 3/3
  1548 | D:1      | Reached ** piety under Trog
  2146 | D:2      | Noticed Robin
  2148 | D:2      | Reached skill level 1 in Shields
  2148 | D:2      | Reached XP level 4. HP: 35/37 MP: 4/4
  2258 | D:2      | Killed Robin
  2258 | D:2      | Reached skill level 4 in Fighting
  2459 | D:2      | Found a stormy altar of Qazlal.
  2664 | D:2      | Found a shattered altar of Ashenzari.
  2678 | D:2      | Found a shadowy altar of Dithmenos.
  3325 | D:3      | Reached XP level 5. HP: 41/42 MP: 5/5
  3725 | D:3      | Reached *** piety under Trog
  4527 | D:3      | Reached XP level 6. HP: 50/50 MP: 6/6
  4676 | D:4      | Noticed an ogre
  4681 | D:4      | Killed an ogre
  4681 | D:4      | Reached skill level 5 in Fighting
  4825 | D:4      | Noticed an ogre
  4833 | D:4      | Killed an ogre
  4833 | D:4      | Reached XP level 7. HP: 55/56 MP: 7/7
  5041 | D:4      | Found a snail-covered altar of Cheibriados.
  5613 | D:4      | Reached skill level 6 in Fighting
  5696 | D:4      | Found a sparkling altar of Nemelex Xobeh.
  5849 | D:5      | Entered Level 5 of the Dungeon
  6004 | D:5      | Found a glowing silver altar of Zin.
  6128 | D:5      | Reached **** piety under Trog
  6135 | D:5      | Reached skill level 5 in Shields
  6227 | D:5      | Reached XP level 8. HP: 30/65 MP: 8/8
  6303 | D:5      | Found a sacrificial altar of Ru.
  6496 | D:5      | Found a blossoming altar of Fedhas.
  6713 | D:6      | Reached skill level 1 in Maces & Flails
  6726 | D:5      | HP: 2/65 [something/magic dart (10)]
  6729 | D:5      | Slain by an orc wizard

Levels and vault maps discovered:
D:1:      lightli_arrival_flooded_house, layout_loops_corners, minivault_27,
          roderic_cross_of_infinity, minmay_misc_feat_five, serial_bayou_pond_a,
          st_stairs_9
D:2:      wander_river, layout_loops_ring, ashenzari_altar_1,
          nicolae_dithmenos_through_a_glass_darkly, grunt_qazlal_sundering,
          first_ration, uniq_robin
D:3:      cheibrodos_pilgrimage, layout_basic
D:4:      layout_basic, nemelex_altar_shiori, kennysheep_slug_shrine
D:5:      layout_rooms, zin_academy, kennysheep_mini_moat,
          nicolae_ru_awakened_eye
D:6:      layout_basic, kennysheep_mini, basic_altar

Skill      XL: |  1  2  3  4  5  6  7  8 |
---------------+-------------------------+-----
Dodging        | 3 |  3.0
Shields        | 1 3 4 5 |  5.6
Fighting       | 4 5 6 |  6.8
Maces & Flails | 1 |  1.0
Short Blades   | |  3.0
Armour         | |  2.0

Action                   |  1- 3 |  4- 6 |  7- 9 || total
-------------------------+-------+-------+-------++-------
Melee: Short sword       |   123 |   221 |   225 ||   569
Throw: Dart              |       |     4 |       ||     4
Invok: Berserk           |     2 |     6 |     5 ||    13
  Use: Scroll            |       |     2 |       ||     2
       Potion            |       |       |     2 ||     2
 Stab: Sleeping          |     3 |       |       ||     3
  Eat: Chunk             |     6 |    13 |    10 ||    29
       Ration            |       |       |     1 ||     1
Armor: Animal skin       |    11 |     5 |       ||    16
       Ring mail         |       |    43 |    52 ||    95
Dodge: Dodged            |    57 |    83 |    69 ||   209
Block: Shield            |       |    87 |    95 ||   182

Table legend:
 A = Non-vault XP
 B = Vault XP
 C = Vault XP percentage of total XP
 D = Non-vault monster count
 E = Vault monster count
 F = Vault count percentage of total count
                 A         B        C        D         E       F
            +---------+---------+-------+---------+---------+-------
      Total |    1142 |     129 |  10.1 |     101 |      19 |  15.8
            +---------+---------+-------+---------+---------+-------
        D:1 |      41 |       2 |   4.7 |      22 |       2 |   8.3
        D:2 |      48 |      32 |  40.0 |      14 |       9 |  39.1
        D:3 |      82 |      91 |  52.6 |      27 |       7 |  20.6
        D:4 |     532 |       4 |   0.7 |      19 |       1 |   5.0
        D:5 |     357 |       0 |   0.0 |      16 |       0 |   0.0
        D:6 |      82 |       0 |   0.0 |       3 |       0 |   0.0
            +---------+---------+-------+---------+---------+-------
